 Dungeon Crawl Stone Soup version 0.24.0-29-g8ce449bc06 (webtiles) character file.

Game seed: 7664452159702500395, levelgen mode: deterministic

7742 Flugslaktarn the Cleaver (level 11, 0/100 HPs)
             Began as a Deep Dwarf Fighter on Nov 14, 2019.
             Was a Follower of Makhleb.
             Slain by a fire elemental (7 damage)
             ... led by Azrael
             ... on level 1 of the Orcish Mines.
             The game lasted 00:06:18 (5897 turns).

Flugslaktarn the Cleaver (Deep Dwarf Fighter)       Turns: 5897, Time: 00:06:18

Health: 0/100      AC: 21    Str: 22    XL:     11   Next: 0%
Magic:  5/5        EV:  5    Int: 10    God:    Makhleb [*.....]
Gold:   597        SH: 11    Dex: 12    Spells: 10/10 levels left

rFire    . . .     SeeInvis .   m - +2 war axe (chop)
rCold    . . .     Gourm    .   c - +0 shield
rNeg     . . .     Faith    .   y - +0 plate armour
rPois    .         Spirit   .   a - +0 helmet
rElec    .         Reflect  .   (no cloak)
rCorr    .         Harm     .   o - +3 pair of gauntlets of War {Slay+5}
MR       +....                  j - +0 pair of boots
Stlth    ..........             (no amulet)
HPRegen  0.00/turn              (no ring)
MPRegen  0.09/turn              (no ring)

@: liquid flames, non-regenerating, glowing
A: damage resistance, heal wounds, sense surroundings 2, no regeneration
a: Heal Wounds, Renounce Religion


You were on level 1 of the Orcish Mines.
You worshipped Makhleb.
Makhleb was aware of your devotion.
You were not hungry.

You visited 3 branches of the dungeon, and saw 12 of its levels.
You also visited: Bailey.

You collected 597 gold pieces.

Inventory:

Hand Weapons
 m - a +2 war axe of chopping (weapon)
   (You took it off an orc on level 5 of the Dungeon)
Armour
 a - a +0 helmet (worn)
   (You found it on level 7 of the Dungeon)
 c - a +0 shield (worn)
 f - +0 fire dragon scales
   (You found it in a bailey)
 j - a +0 pair of boots (worn)
   (You found it on level 7 of the Dungeon)
 o - the +3 pair of gauntlets of War (worn) {Slay+5}
   (You found it in a bailey)

   It affects your accuracy and damage with ranged weapons and melee attacks
   (+5).
 y - a +0 plate armour (worn)
   (You took it off an orc warrior on level 9 of the Dungeon)
Wands
 i - a wand of iceblast (4)
   (You found it on level 5 of the Dungeon)
 x - a wand of acid (4)
   (You found it on level 8 of the Dungeon)
Scrolls
 b - a scroll of immolation
 k - a scroll of fear
 l - 3 scrolls of remove curse
 p - a scroll of fog
 s - a scroll of vulnerability
 t - 2 scrolls of teleportation
 u - a scroll of enchant weapon
 z - a scroll of enchant armour
Potions
 d - a potion of might
 n - a potion of lignification
 q - a potion of brilliance
 v - a potion of magic
 w - 2 potions of heal wounds
 A - 2 potions of flight
Comestibles
 e - 16 rations
 g - 16 chunks of flesh


   Skills:
 + Level 7.3 Fighting
 * Level 11.4 Axes
 + Level 8.7 Armour
 + Level 8.7 Shields
 + Level 2.9 Invocations
 + Level 4.7 Evocations


You had 10 spell levels left.
You didn't know any spells.
Your spell library was empty.

Dungeon Overview and Level Annotations

Branches:
Dungeon (9/15)             Temple (1/1) D:6             Orc (2/2) D:9
 Bailey (visited)
   Lair: D:8-11         Elf: Orc:2

Altars:
Ashenzari
Cheibriados
Elyvilon
Fedhas
Gozag
Hepliaklqana
Kikubaaqudgha
Makhleb
Nemelex Xobeh
Okawaru
Qazlal
Ru
Sif Muna
Trog
Uskayaw
Vehumet
Wu Jian
Xom
Yredelemnul
Zin
The Shining One

Shops:
D:4 =%

Annotations:
D:6 3 runed translucent doors, kaychamo's ghost, novice MiAs
D:9 exclusion: oklob plant
Orc:1 Azrael


Innate Abilities, Weirdness & Mutations

You are resistant to damage.
You can heal yourself by infusing magical energy.
You passively map the area around you.
You do not regenerate.


Message History

Press: ? - help, Shift-Dir - straight line, f/p - Azrael
Aim: Azrael, wielding a +4 scimitar of flaming (heavily wounded, covered in acid)
The bolt of acid hits Azrael!
Azrael is splashed with acid.
Azrael seems to be corroded for longer.
Azrael is severely wounded.
You are covered in liquid flames!
* * * LOW HITPOINT WARNING * * *
The fire elemental hits you. The fire elemental burns you!
* * * LOW HITPOINT WARNING * * *
The fire elemental barely misses you.
The orc priest invokes the aid of Beogh against you.
Beogh smites you!
* * * LOW HITPOINT WARNING * * *
The fire elemental barely misses you. x2
Azrael gestures at you. You block the sticky flame. You block the orc's attack.
The orc wizard miscasts a cantrip.
The fire elemental hits you. The fire elemental burns you!
The fire elemental hits you. The fire elemental burns you!
You die...

##.#...##....# ###
#......#....####.##
##.#..###....##...##
##......#.....#.#...#
#........#..........##
##....................#
##.#...#..............##
#......[ERE[)........##
##.#....o@E.).........#
##.....oEo)[........##
#.............##...##
##.#..........#....#
#..........#......##
###.#......###.#...#
##.##........#####.##
#........##.## ###
##........###


You could see Azrael, 4 fire elementals, an orc priest, an orc wizard and an
orc.

Vanquished Creatures
  Harold (D:8)
  An orc knight (Bailey)
  A centaur zombie (D:9)
  Joseph (D:8)
  Psyche (D:8)
  A hippogriff (D:4)
  A wyvern (D:9)
  A warg (Orc:1)
  2 water moccasins
  10 orc warriors
  A sky beast (D:5)
  A black bear (D:5)
  4 ogres
  2 phantoms
  2 ice beasts
  3 centaurs
  3 big kobolds
  Blork the orc (D:6)
  3 bullfrogs
  3 gnoll sergeants
  2 scorpions
  3 killer bees (D:8)
  3 wights (D:7)
  3 howler monkeys (D:9)
  5 crimson imps
  A quasit (D:8)
  4 hounds
  A bullfrog zombie (D:5)
  10 orc priests
  7 jellies
  5 orc wizards
  A bullfrog skeleton (D:6)
  A centaur skeleton (D:7)
  3 iguanas
  6 worker ants
  A killer bee zombie (D:8)
  A hound zombie (D:6)
  A mummy (D:5)
  A worker ant zombie (D:6)
  13 gnolls
  9 adders
  A white imp (D:7)
  3 oozes
  An adder skeleton (D:4)
  A worm (D:5)
  A dart slug (D:6)
  5 leopard geckos
  40 orcs
  A ball python (D:4)
  3 giant cockroaches
  3 hobgoblins
  6 jackals
  7 kobolds
  5 quokkas
  A ball python skeleton (D:6)
  4 bats
  5 frilled lizards
  A giant cockroach zombie (D:5)
  A leopard gecko skeleton (D:5)
  4 quokka skeletons
  3 quokka zombies
  2 rats (D:2)
222 creatures vanquished.

Vanquished Creatures (collateral kills)
  Prince Ribbit (D:8)
  An ogre (D:8)
  An orc warrior (Bailey)
  2 killer bees (D:8)
  A goblin (D:8)
  4 jackals (D:8)
10 creatures vanquished.

Vanquished Creatures (others)
  A dancing weapon (Bailey)
  An ice beast (D:6)
  An orc (D:6)
  3 goblins (D:8)
  15 toadstools (D:9)
21 creatures vanquished.

Grand Total: 253 creatures vanquished

Notes
Turn   | Place    | Note
-------+----------+-------------------------------------------
     0 | D:1      | Flugslaktarn the Deep Dwarf Fighter began the quest for the
                  | Orb.
     0 | D:1      | Reached XP level 1. HP: 20/20 MP: 1/1
   108 | D:2      | Reached XP level 2. HP: 27/27 MP: 2/2
   272 | D:3      | Noticed a phantom
   284 | D:3      | Reached skill level 3 in Axes
   284 | D:3      | Reached XP level 3. HP: 22/33 MP: 3/3
   314 | D:3      | Killed a phantom
   314 | D:3      | Reached XP level 4. HP: 25/42 MP: 3/3
   441 | D:4      | Reached skill level 4 in Axes
   441 | D:4      | Reached XP level 5. HP: 41/49 MP: 4/4
   530 | D:4      | Found Destreitz's Jewellery Boutique.
   559 | D:4      | Reached XP level 6. HP: 49/56 MP: 4/4
   608 | D:4      | Reached skill level 5 in Axes
   727 | D:4      | Noticed a hippogriff
   756 | D:4      | Killed a hippogriff
   756 | D:4      | Reached XP level 7. HP: 28/64 MP: 4/4
   770 | D:4      | Found Xeqim's Food Shop.
   792 | D:4      | Found a burning altar of Makhleb.
   890 | D:5      | Entered Level 5 of the Dungeon
   890 | D:5      | Found a shimmering altar of Xom.
   899 | D:5      | Reached skill level 5 in Armour
   899 | D:5      | Reached skill level 5 in Shields
   907 | D:5      | Became a worshipper of Xom of Chaos
   944 | D:5      | XOM: harmless Summ miscast
   979 | D:5      | Reached skill level 6 in Axes
  1007 | D:5      | Found a snail-covered altar of Cheibriados.
  1077 | D:5      | XOM: potion effect (agility)
  1081 | D:5      | XOM: potion effect (curing)
  1198 | D:5      | XOM: scenery: create altars
  1202 | D:5      | XOM: divination: detect items
  1204 | D:5      | Reached XP level 8. HP: 34/73 MP: 3/3
  1209 | D:5      | XOM: enchant monster (good)
  1215 | D:5      | Reached skill level 7 in Axes
  1404 | D:6      | Noticed Blork the orc
  1412 | D:6      | Killed Blork the orc
  1412 | D:6      | Reached skill level 5 in Fighting
  1417 | D:6      | XOM: divine lightning
  1438 | D:6      | XOM: 1-stop teleportation journey
  1439 | D:6      | You fall into a shaft and drop 3 floors!
  1447 | D:9      | Reached skill level 8 in Axes
  1652 | D:8      | XOM: cloud trail
  1664 | D:8      | Noticed Harold
  1664 | D:8      | Noticed Joseph
  1672 | D:8      | XOM: swap monsters
  1675 | D:8      | Killed Joseph
  1675 | D:8      | Gained mutation: You passively map the area around you.
                  | [Deep Dwarf growth]
  1675 | D:8      | Reached XP level 9. HP: 67/82 MP: 3/3
  1675 | D:8      | XOM: cast spell 'Death Channel'
  1679 | D:8      | Reached skill level 9 in Axes
  1686 | D:8      | Killed Harold
  1738 | D:8      | Found a shimmering altar of Xom.
  1741 | D:8      | Noticed Prince Ribbit
  1749 | D:8      | XOM: enchant monster (good)
  1761 | D:8      | Found a flagged portal.
  1761 | D:8      | XOM: destruction
  1767 | D:8      | Killed Prince Ribbit
  1771 | Bailey   | Entered a bailey
  1853 | Bailey   | XOM: enchant monster (good)
  1854 | Bailey   | XOM: cast spell 'Death Channel'
  1892 | Bailey   | XOM: potion effect (might)
  1967 | Bailey   | Reached skill level 10 in Axes
  1969 | Bailey   | Noticed an orc knight
  1992 | Bailey   | Killed an orc knight
  1992 | Bailey   | Reached skill level 1 in Evocations
  1992 | Bailey   | Reached XP level 10. HP: 60/92 MP: 3/5
  2063 | Bailey   | Found the +3 pair of gauntlets of War {Slay+5}
  2168 | D:8      | XOM: mild Erth miscast
  2214 | D:8      | Noticed Psyche
  2217 | D:8      | XOM: enchant monster (good)
  2221 | D:8      | Killed Psyche
  2292 | D:7      | Found a bloodstained altar of Trog.
  2306 | D:7      | XOM: mild Hex miscast
  2338 | D:7      | XOM: potion effect (heal wounds)
  2582 | D:7      | XOM: mild Hex miscast
  2723 | D:7      | XOM: scenery: 1 doors open
  3199 | D:6      | XOM: noise
  3207 | D:6      | XOM: swap monsters
  3338 | D:6      | Found a staircase to the Ecumenical Temple.
  3358 | Temple   | Entered the Ecumenical Temple
  3391 | Temple   | XOM: torment (40/92 hp)
  3449 | Temple   | XOM: mild Erth miscast
  3631 | D:4      | Fell from the grace of Xom
  3631 | D:4      | Became a worshipper of Makhleb the Destroyer
  3708 | D:3      | You fall into a shaft and drop 3 floors!
  3711 | D:6      | Found a snail-covered altar of Cheibriados.
  3931 | D:6      | Found a runed translucent gate.
  3931 | D:6      | Found a runed translucent gate.
  3931 | D:6      | Noticed kaychamo's ghost (novice MiAs)
  3932 | D:6      | Found a runed translucent gate.
  3945 | D:6      | XOM: give mutations
  3945 | D:6      | Gained mutation: You are weak. (Str -2) [Xom's mischief]
  3945 | D:6      | Gained mutation: Armour fits poorly on your strangely
                  | shaped body. [Xom's mischief]
  3945 | D:6      | Lost mutation: Armour fits poorly on your strangely shaped
                  | body. [Xom's mischief]
  3945 | D:6      | Lost mutation: You are weak. (Str -2) [Xom's mischief]
  4342 | D:8      | Reached skill level 1 in Invocations
  4509 | D:8      | Reached skill level 11 in Axes
  4556 | D:8      | You fall into a shaft and drop 1 floor!
  4720 | D:8      | Found a hide-covered altar of Uskayaw.
  4760 | D:8      | Found a radiant altar of Vehumet.
  5015 | D:9      | Found a staircase to the Orcish Mines.
  5126 | D:9      | Reached * piety under Makhleb
  5176 | D:9      | Found a blossoming altar of Fedhas.
  5197 | D:9      | Noticed an oklob plant
  5263 | D:9      | Found a shattered altar of Ashenzari.
  5273 | D:9      | XOM: stat loss: -1 Int (9/10)
  5359 | D:9      | XOM: noise
  5425 | D:9      | Found a stormy altar of Qazlal.
  5425 | D:9      | Found an iron altar of Okawaru.
  5426 | D:9      | Found a hazy altar of Hepliaklqana.
  5755 | Orc:1    | Entered Level 1 of the Orcish Mines
  5770 | Orc:1    | Reached XP level 11. HP: 69/100 MP: 7/7
  5883 | Orc:2    | Entered Level 2 of the Orcish Mines
  5883 | Orc:2    | Noticed Azrael
  5897 | Orc:1    | Slain by a fire elemental

Levels and vault maps discovered:
D:1:      dpeg_arrival_rooms_c, layout_basic, serial_forest,
          infiniplex_forest_lined_ring, infiniplex_forest_straight_3,
          infiniplex_forest_lined_corner, infiniplex_forest_end_2,
          infiniplex_forest_lined_corner, infiniplex_forest_lined_2,
          infiniplex_forest_clump_curved, infiniplex_forest_lined_4_way
D:2:      layout_basic, nicolae_dithmenos_through_a_glass_darkly
D:3:      layout_loops_corners, gammafunk_ghost_cemetery
D:4:      layout_rooms, lemuel_doored_altar, serial_shops, shop,
          kennysheep_mini_moat
D:5:      cheibrodos_fzero, layout_basic, overflow_temple_1_default,
          first_ration, chei_slow_surprise
D:6:      layout_cave_pools, kennysheep_slug_shrine,
          minmay_temple_entry_glassed_door, gammafunk_ghost_nasty_kobolds,
          uniq_blork_the_orc
D:7:      layout_basic, lemuel_coloured_pillars_altar, minmay_fire_ice_demons
D:8:      layout_cave_pods, vehumet_altar_wand_db, serial_park,
          serial_park_tiny_1, serial_park_gazebo [serial_park_minivault_5x5_2],
          serial_park_avenue1, enter_bailey_3, basic_altar, uniq_harold,
          uniq_psyche, uniq_joseph, uniq_prince_ribbit1
D:9:      layout_basic, evilmike_ruin_ashenzari, tgw_fedhas,
          gammafunk_temple_overflow_claw
Temple:   minmay_temple_curvy_loop
Orc:1:    layout_caves, enter_volcano_1, uniq_josephine, uniq_urug
Orc:2:    st_orc_open, layout_caves, sword_in_stone, uniq_azrael, uniq_erolcha

Skill      XL: |  1  2  3  4  5  6  7  8  9 10 |
---------------+-------------------------------+-----
Axes           | 3 4 5 6 8 10 11 | 11.4
Fighting       | 3 4 5 6 7 |  7.3
Armour         | 4 5 6 7 8 |  8.7
Shields        | 4 5 6 7 8 |  8.7
Evocations     | 1 4 |  4.7
Invocations    | 2 |  2.9

Action                   |  1- 3 |  4- 6 |  7- 9 | 10-12 || total
-------------------------+-------+-------+-------+-------++-------
Melee: War axe           |    71 |   115 |   191 |   233 ||   610
 Abil: Heal Wounds       |     1 |     7 |    14 |    13 ||    35
Evoke: Wand              |       |       |     3 |     5 ||     8
  Use: Scroll            |       |       |     6 |     9 ||    15
       Potion            |       |       |     3 |       ||     3
  Eat: Chunk             |       |       |     4 |    13 ||    17
Armor: Scale mail        |    43 |    52 |    90 |    51 ||   236
       Plate armour      |       |       |       |    88 ||    88
Dodge: Dodged            |    24 |    58 |   104 |    61 ||   247
Block: Shield            |    42 |    96 |   183 |   150 ||   471
